 Dungeon Crawl Stone Soup version 0.27.1-34-g3ba077fa99 (webtiles) character file.

Game seed: 18199358642051604592

4 cbfl8 the Sneak (level 1, -2/20 HPs)
             Began as a Minotaur Delver on Jan 20, 2022.
             Slain by a bullfrog skeleton (4 damage)
             ... on level 4 of the Dungeon.
             The game lasted 00:00:24 (179 turns).

cbfl8 the Sneak (Minotaur Delver)                    Turns: 179, Time: 00:00:24

Health: -2/20      AC:  3    Str: 16    XL:     1   Next: 58%
Magic:  0/0        EV: 11    Int:  7    God:
Gold:   0          SH:  0    Dex: 11    Spells: 0/0 levels left

rFire    . . .     SeeInvis .   a - +0 hand axe
rCold    . . .     Faith    .   (no shield)
rNeg     . . .     Spirit   .   b - +0 leather armour
rPois    .         Reflect  .   (helmet restricted)
rElec    .         Harm     .   (no cloak)
rCorr    .         Rampage  .   (no gloves)
Will     .....                  (no boots)
Stlth    ++........             (no amulet)
HPRegen  0.06/turn              (no ring)
MPRegen  0.07/turn              (no ring)

@: no status effects
A: horns 2, retaliatory headbutt
a: no special abilities


You were on level 4 of the Dungeon.
You visited 1 branch of the dungeon, and saw 2 of its levels.

Inventory:

Hand Weapons
 a - a +0 hand axe (weapon)
Armour
 b - a +0 leather armour (worn)
Wands
 g - a wand of digging (3)
Scrolls
 c - a scroll of fog
 d - a scroll of magic mapping
 e - a scroll of fear
 h - a scroll of identify {unknown}
Potions
 f - a potion of haste


   Skills:
 + Level 3.6 Fighting
 + Level 2.4 Axes
 + Level 2.2 Dodging
 + Level 4.3 Stealth


You couldn't memorise any spells.
You didn't know any spells.
Your spell library was empty.

Dungeon Overview and Level Annotations

Branches:
Dungeon (5/15)
 Temple: D:4-7

Altars:


Innate Abilities, Weirdness & Mutations

You have a pair of horns on your head.
You reflexively headbutt those who attack you in melee.


Message History

You feel sick.
You feel sick.
You start resting.
You feel sick.
You are no longer poisoned.
You start resting.
The adder skeleton bites you but does no damage.
You slash the adder skeleton!
The adder skeleton is heavily damaged.
The adder skeleton closely misses you. You furiously retaliate!
You headbutt the adder skeleton!
You destroy the adder skeleton!
You start resting.
An endoplasm comes into view.
The endoplasm hits you.
You hit the endoplasm.
You kill the endoplasm!
You start resting.
A bullfrog skeleton comes into view.
The bullfrog skeleton hits you.
You hit the bullfrog skeleton.
The bullfrog skeleton is lightly damaged.
The bullfrog skeleton misses you. The bullfrog skeleton hits you.
You hit the bullfrog skeleton.
The bullfrog skeleton is lightly damaged.
The bullfrog skeleton hits you.
A worm comes into view.
You hit the bullfrog skeleton.
The bullfrog skeleton is moderately damaged.
The bullfrog skeleton hits you.
The bullfrog skeleton hits you but does no damage.
You hit the bullfrog skeleton.
The bullfrog skeleton is heavily damaged.
The bullfrog skeleton barely misses you.
You furiously retaliate!
You headbutt the bullfrog skeleton! You hit the bullfrog skeleton.
You headbutt the bullfrog skeleton.
The bullfrog skeleton is almost destroyed.
The bullfrog skeleton hits you.
* * * LOW HITPOINT WARNING * * *
The bullfrog skeleton hits you.
You die...

## ..## ...# #
# #..##. .#
#....# .#
..###...## ..#
.......Z.##..#
#@..w..#
###...##
#...#.#
.....##.#
##...# # #....
#.... ...##
..#


You could see a worm and a bullfrog skeleton.

Vanquished Creatures
  An adder skeleton (D:4)
  An endoplasm (D:4)
2 creatures vanquished.

Notes
Turn   | Place    | Note
-------+----------+-------------------------------------------
     0 | D:5      | cbfl8 the Minotaur Delver began the quest for the Orb.
     0 | D:5      | Reached XP level 1. HP: 19/19 MP: 0/0
    14 | D:5      | Found the +7 mace of Variability {chain chaos}
    16 | D:5      | Noticed an ice beast
    21 | D:4      | Noticed a phantom
    21 | D:4      | Noticed a necrophage
    21 | D:4      | Noticed an orc priest
   179 | D:4      | Slain by a bullfrog skeleton

Illustrated notes

Levels and vault maps discovered:
D:4:      kennysheep_goblin_castle, layout_loops_ring, minmay_temple_entry_tees,
          st_stairs_11, chequers_serial_rivers_room_b
D:5:      layout_cave_pools, uniq_pikel

Action                   || total
-------------------------++-------
Melee: Hand axe          ||     9
       Headbutt          ||     1
Armor: Leather armour    ||     4
Dodge: Dodged            ||     4
